 Dungeon Crawl Stone Soup version 0.18.1-48-g4cf74bf (webtiles) character file.

34 Redz the Grasshopper (level 3, -7/25 HPs)
             Began as a High Elf Warper on Aug 25, 2016.
             Blown up by Ijyb (11 damage)
             ... with a wand of disintegration
             ... on level 2 of the Dungeon on Aug 30, 2016.
             The game lasted 00:03:38 (758 turns).

Redz the Grasshopper (High Elf Warper)               Turns: 758, Time: 00:03:39

Health: -7/25      AC:  3    Str: 10    XL:     3   Next: 14%
Magic:  3/7        EV: 12    Int: 18    God:
Gold:   37         SH:  0    Dex: 14    Spells: 3 memorised, 1 level left

rFire  . . .     SeeInvis .     a - +0 falchion
rCold  . . .     Gourm    .     b - +0 leather armour
rNeg   . . .     Faith    .     (no shield)
rPois  .         Spirit   .     (no helmet)
rElec  .         Dismiss  .     (no cloak)
rCorr  .         Reflect  .     (no gloves)
SustAt .         Harm     .     (no boots)
MR     .....                    (no amulet)
Stlth  +.........               (no ring)
                                (no ring)

@: shrouded, not resistant to hostile enchantments, very unstealthy
A: no striking features
a: no special abilities


You were on level 2 of the Dungeon.
You were not hungry.

You visited 1 branch of the dungeon, and saw 2 of its levels.

You collected 37 gold pieces.

Inventory:

Hand Weapons
 a - a +0 falchion (weapon)
Missiles
 e - 5 tomahawks of dispersal (quivered)
Armour
 b - a +0 leather armour (worn)
Scrolls
 d - a scroll of blinking
 g - a scroll of noise {unknown}
 i - a scroll of identify {unknown}
 j - a scroll of immolation {unknown}
 m - a scroll of fear {unknown}
Potions
 l - 2 potions of haste
 n - a potion of resistance {unknown}
Books
 c - a book of Spatial Translocations

   Spells                             Type                      Level
   a - Apportation                    Translocation                1
   b - Blink                          Translocation                2
   c - Shroud of Golubria             Charms/Translocation         2
   d - Portal Projectile              Translocation                3
   e - Teleport Other                 Translocation                3
   f - Passage of Golubria            Translocation                4
Comestibles
 f - 2 bread rations
 h - 3 meat rations
 k - a chunk of flesh


   Skills:
 * Level 2.6 Fighting
 * Level 3.2 Long Blades
 - Level 1.0 Throwing
 + Level 1.0 Armour
 + Level 2.5 Dodging
 + Level 0.0 Stealth
 + Level 2.4 Spellcasting
 + Level 3.4 Translocations


You had one spell level left.
You knew the following spells:

 Your Spells              Type           Power        Failure   Level  Hunger
a - Apportation           Tloc           ##........   8%          1    #......
b - Blink                 Tloc           N/A          10%         2    ##.....
c - Shroud of Golubria    Chrm/Tloc      #.........   21%         2    ##.....


Dungeon Overview and Level Annotations

Branches:
Dungeon (2/15)

Altars:

Annotations:
D:2 Ijyb


Message History

Casting: Shroud of Golubria
Confirm with . or Enter, or press ? or * to list all spells.
Space distorts slightly along a thin shroud covering your body.
Casting: Shroud of Golubria
Confirm with . or Enter, or press ? or * to list all spells.
Okay, then.
Found a meat ration.
Ijyb zaps a wand.
You barely resist.
It is a wand of disintegration.
Ijyb zaps a wand.
You are blasted!
Ouch! That really hurt!
* * * LOW HITPOINT WARNING * * *
Casting: Shroud of Golubria
Confirm with . or Enter, or press ? or * to list all spells.
You blink.
Found a stone staircase leading up.
You are too injured to fight recklessly!
You hit Ijyb.
Ijyb is moderately wounded.
Your shroud bends Ijyb's attack away.
Ijyb zaps a wand.
You are blasted!
You die...

####### #.%...#
#.....###
#########<......
#......##.....#
#.####.##.....#
#.####.###.@#
#.#...>.ยง..g#
#.#.##.###.......
#.#.##.# #######.
#......# ###....#
#### #####.# ....
...#.# ...
####.#.# ...


You could see Ijyb.

Vanquished Creatures
  2 adders
  A ball python (D:2)
  3 goblins
  4 hobgoblins
  2 kobolds (D:2)
  A bat (D:1)
  A giant newt (D:2)
  A rat (D:1)
15 creatures vanquished.

Notes
Turn   | Place    | Note
--------------------------------------------------------------
     0 | D:1      | Redz the High Elf Warper began the quest for the Orb.
     0 | D:1      | Reached XP level 1. HP: 14/14 MP: 4/4
    30 | D:1      | Reached skill level 1 in Armour
   471 | D:1      | Reached XP level 2. HP: 20/20 MP: 6/6
   475 | D:1      | Learned a level 2 spell: Blink
   478 | D:1      | Learned a level 2 spell: Shroud of Golubria
   616 | D:2      | Reached XP level 3. HP: 25/25 MP: 4/7
   752 | D:2      | Noticed Ijyb
   758 | D:2      | Blown up by Ijyb

Skill      XL: |  1  2 |
---------------+-------+-----
Armour         | 1 |  1.0
Long Blades    | 3 |  3.2
Fighting       | |  2.6
Throwing       | |  1.0
Dodging        | |  2.5
Spellcasting   | |  2.4
Translocations | |  3.4

Action                   || total
-------------------------++-------
Melee: Falchion          ||    51
 Cast: Shroud of Golubri ||     2
       Blink             ||     1
 Stab: Sleeping          ||     1
Armor: Leather armour    ||    11
Dodge: Dodged            ||    47
